General information
- name: BNet
- type: Ladder team game (AT/RT)
- host: Battle.net
- saver: OTEMPORAOMORES
map: Battleground
- players: 8
- length: 35:24
- speed: Fast
- version: 1.26 W3XP
- replay type: Public
» download(202 KB)
Players
team 1 (winner)
Vajango (
purple | 38 APM | 772 actions | 20:15)
4 Crypt Lord
2 Spiked Carapace
2 Impale
1 Dreadlord
1 Vampiric Aura
» actions
| Basic commands | 7 | |
| Build / train | 53 | |
| ESC pressed | 1 | |
| Enter build submenu | 24 | |
| Enter hero's abilities submenu | 6 | |
| Remove unit from queue | 12 | |
| Right click | 380 | |
| Select / deselect | 253 | |
| Use ability | 36 | |
772 total
» units
| Acolyte | 3 | |
| Ghoul | 5 | |
| Crypt Fiend | 3 | |
| Gargoyle | -1 | |
| Abomination | 2 | |
| Obsidian Statue | 1 | |
| Meatwagon | 2 | |
| Necromancer | 1 | |
16 total
» upgrades
| Creature Attack | 0 | |
| Unholy Strength | 3 | |
| Unholy Armor | 2 | |
| Necromancer Training | 1 | |
| Skeletal Longevity | 1 | |
| Cannibalize | 1 | |
| Creature Carapace | 0 | |
| Web | 1 | |
| Disease Cloud | 1 | |
| Skeletal Mastery | 1 | |
11 total
» buildings
| Ziggurat | 7 | |
| Altar of Darkness | 1 | |
| Crypt | 3 | |
| Graveyard | 2 | |
| Nerubian Tower | 1 | |
| Spirit Tower | 2 | |
| Halls of the Dead | 1 | |
| Slaughterhouse | 2 | |
| Temple of the Damned | 1 | |
| Tomb of Relics | 1 | |
| Black Citadel | 1 | |
| Tree of Ages | 1 | |
23 total
» build order
00:10 Ziggurat
00:12 Altar of Darkness
00:46 Crypt
01:39 Graveyard
01:40 Nerubian Tower
01:45 Ziggurat
02:45 Crypt
03:24 Spirit Tower
04:32 Halls of the Dead
06:01 Ziggurat
06:58 Slaughterhouse
07:01 Slaughterhouse
07:10 Temple of the Damned
07:14 Tomb of Relics
08:37 Black Citadel
09:08 Ziggurat
09:08 Ziggurat
11:00 Crypt
11:42 Spirit Tower
13:41 Graveyard
17:20 Ziggurat
17:22 Ziggurat
19:26 Tree of Ages
» items
| Scroll of Town Portal | 1 | |
| Dust of Appearance | 3 | |
| Potion of Healing | 1 | |
5 total
OTEMPORAOMORES (
teal | 63 APM | 2241 actions | 35:24)
9 Archmage
3 Summon Water Elemental
3 Brilliance Aura
1 Mass Teleport
2 Blizzard
» actions
| Assign group hotkey | 32 | |
| Basic commands | 62 | |
| Build / train | 124 | |
| Enter build submenu | 37 | |
| Enter hero's abilities submenu | 8 | |
| Give item / drop item | 8 | |
| Right click | 858 | |
| Select / deselect | 596 | |
| Select group hotkey | 432 | |
| Use ability | 84 | |
2241 total
» units
| Peasant | 13 | |
| Footman | 7 | |
| Dragonhawk Rider | 5 | |
| Gryphon Rider | 7 | |
| Dryad | 1 | |
| Wisp | 6 | |
| Mountain Giant | 6 | |
| Siege Engine | 2 | |
47 total
» upgrades
| Swords | 3 | |
| Masonry | 3 | |
| Animal War Training | 1 | |
| Armor | 3 | |
| Lumber Harvesting | 2 | |
| Storm Hammers | 1 | |
| Cloud | 1 | |
| Backpack | 1 | |
| Druid of the Claw Training | 1 | |
| Nature's Blessing | 2 | |
| Well Spring | 2 | |
| Ultravision | 1 | |
| Defend | 1 | |
| Reinforced Hides | 1 | |
| Barrage | 1 | |
| Gunpowder | 3 | |
| Plating | 2 | |
| Flak Cannons | 1 | |
| Flying Machine Bombs | 1 | |
| Fragmentation Shards | 1 | |
| Flare | 1 | |
| Long Rifles | 1 | |
| Magic Sentry | 1 | |
| Hardened Skin | 1 | |
| Resistant Skin | 1 | |
37 total
» buildings
| Altar of Kings | 1 | |
| Farm | 7 | |
| Barracks | 1 | |
| Arcane Vault | 1 | |
| Keep | 1 | |
| Lumber Mill | 3 | |
| Blacksmith | 1 | |
| Castle | 1 | |
| Gryphon Aviary | 2 | |
| Town Hall | 1 | |
| Scout Tower | 10 | |
| Guard Tower | 9 | |
| Ancient Protector | 2 | |
| Tree of Eternity | 1 | |
| Workshop | 2 | |
| Arcane Sanctum | 1 | |
44 total
» build order
00:03 Altar of Kings
00:06 Farm
00:24 Barracks
01:16 Farm
01:54 Farm
02:34 Arcane Vault
03:40 Keep
04:45 Lumber Mill
04:54 Blacksmith
06:09 Castle
06:18 Gryphon Aviary
06:21 Gryphon Aviary
07:10 Farm
07:46 Farm
08:53 Farm
11:31 Farm
13:36 Town Hall
13:39 Scout Tower
13:40 Scout Tower
14:12 Guard Tower
14:43 Guard Tower
14:47 Scout Tower
14:48 Scout Tower
15:25 Guard Tower
15:46 Guard Tower
16:51 Scout Tower
16:53 Scout Tower
17:56 Guard Tower
18:23 Lumber Mill
19:41 Scout Tower
19:43 Scout Tower
19:53 Scout Tower
19:54 Scout Tower
20:27 Guard Tower
21:57 Ancient Protector
21:59 Ancient Protector
22:51 Guard Tower
22:56 Guard Tower
23:09 Guard Tower
27:15 Tree of Eternity
28:03 Workshop
28:04 Workshop
28:13 Lumber Mill
32:10 Arcane Sanctum
» items
| Periapt of Vitality | 1 | |
| Boots of Speed | 1 | |
| Scroll of Regeneration | 8 | |
| Staff of Teleportation | 1 | |
| Ivory Tower | 4 | |
| Scroll of Town Portal | 1 | |
16 total
painkiller20 (
blue | 29 APM | 476 actions | 16:10)
5 Demon Hunter
3 Evasion
2 Mana Burn
» actions
| Basic commands | 5 | |
| Build / train | 44 | |
| Enter build submenu | 15 | |
| Enter hero's abilities submenu | 5 | |
| Give item / drop item | 2 | |
| Right click | 169 | |
| Select / deselect | 208 | |
| Use ability | 28 | |
476 total
» units
» upgrades
| Strength of the Moon | 1 | |
| Ultravision | 1 | |
| Moon Armor | 1 | |
| Abolish Magic | 1 | |
| Strength of the Wild | 1 | |
| Reinforced Hides | 1 | |
6 total
» buildings
| Hunter's Hall | 1 | |
| Altar of Elders | 1 | |
| Moon Well | 5 | |
| Ancient of War | 1 | |
| Ancient of Wonders | 1 | |
| Tree of Ages | 1 | |
| Ancient Protector | 2 | |
| Ancient of Lore | 2 | |
| Tree of Eternity | 1 | |
| Tree of Life | 1 | |
16 total
» build order
00:10 Hunter's Hall
00:25 Altar of Elders
01:01 Moon Well
01:50 Ancient of War
02:11 Moon Well
03:05 Moon Well
05:00 Moon Well
05:22 Ancient of Wonders
05:38 Tree of Ages
06:09 Ancient Protector
08:07 Ancient of Lore
08:11 Ancient of Lore
08:21 Moon Well
11:43 Ancient Protector
12:20 Tree of Eternity
14:50 Tree of Life
» items
| Potion of Healing | 2 | |
| Orb of Fire | 1 | |
3 total
boobookittyfuc (
red | 25 APM | 444 actions | 17:27)
1 Keeper of the Grove
1 Force of Nature
» actions
| Assign group hotkey | 1 | |
| Build / train | 41 | |
| Enter build submenu | 22 | |
| Enter hero's abilities submenu | 2 | |
| Remove unit from queue | 6 | |
| Right click | 184 | |
| Select / deselect | 165 | |
| Use ability | 23 | |
444 total
» units
| Wisp | 11 | |
| Forest Troll Berserker | 1 | |
| Archer | 4 | |
| Chimaera | 12 | |
28 total
» upgrades
| Corrosive Breath | 1 | |
| Strength of the Wild | 1 | |
| Reinforced Hides | 1 | |
3 total
» buildings
| Moon Well | 7 | |
| Tree of Ages | 1 | |
| Ancient of War | 1 | |
| Altar of Elders | 1 | |
| Ancient of Wind | 1 | |
| Tree of Eternity | 1 | |
| Hunter's Hall | 1 | |
| Ancient Protector | 2 | |
| Chimaera Roost | 3 | |
18 total
» build order
01:03 Moon Well
01:54 Tree of Ages
02:01 Moon Well
02:35 Ancient of War
04:11 Moon Well
04:25 Altar of Elders
04:33 Ancient of Wind
05:21 Moon Well
05:51 Tree of Eternity
06:23 Hunter's Hall
07:48 Ancient Protector
08:16 Chimaera Roost
08:20 Chimaera Roost
09:55 Chimaera Roost
12:42 Moon Well
13:01 Moon Well
14:48 Ancient Protector
14:52 Moon Well
team 2 (loser)

»
Che (
yellow | 48 APM | 1683 actions | 35:23)
4 Death Knight
2 Death Coil
2 Unholy Aura
3 Lich
2 Frost Nova
1 Dark Ritual
2 Naga Sea Witch
1 Frost Arrows
1 Forked Lightning
» actions
| Assign group hotkey | 23 | |
| Basic commands | 93 | |
| Build / train | 70 | |
| Enter build submenu | 15 | |
| Enter hero's abilities submenu | 9 | |
| Give item / drop item | 1 | |
| Right click | 604 | |
| Select / deselect | 530 | |
| Select group hotkey | 245 | |
| Use ability | 93 | |
1683 total
» units
| Acolyte | 6 | |
| Ghoul | 15 | |
| Obsidian Statue | 5 | |
| Gargoyle | 2 | |
28 total
» upgrades
| Cannibalize | 1 | |
| Unholy Strength | 3 | |
| Unholy Armor | 3 | |
| Ghoul Frenzy | 1 | |
| Creature Attack | 1 | |
9 total
» buildings
| Crypt | 3 | |
| Ziggurat | 5 | |
| Altar of Darkness | 1 | |
| Halls of the Dead | 1 | |
| Graveyard | 1 | |
| Tomb of Relics | 2 | |
| Nerubian Tower | 1 | |
| Slaughterhouse | 1 | |
| Black Citadel | 1 | |
| Spirit Tower | 1 | |
17 total
» build order
00:10 Crypt
00:14 Ziggurat
00:39 Ziggurat
01:00 Crypt
02:45 Ziggurat
02:50 Altar of Darkness
03:18 Halls of the Dead
04:36 Graveyard
04:41 Tomb of Relics
04:43 Nerubian Tower
05:19 Ziggurat
06:07 Slaughterhouse
06:08 Black Citadel
07:50 Crypt
13:14 Ziggurat
14:48 Tomb of Relics
23:16 Spirit Tower
» items
| Rod of Necromancy | 1 | |
| Boots of Speed | 2 | |
| Scroll of Town Portal | 3 | |
| Scroll of Healing | 1 | |
| Orb of Venom | 1 | |
| Healing Salve | 1 | |
| Lesser Clarity Potion | 1 | |
| Orb of Lightning | 1 | |
| Scroll of Speed | 1 | |
12 total
AmericanWarrior (
green | 96 APM | 3413 actions | 35:23)
8 Blademaster
3 Wind Walk
3 Critical Strike
1 Bladestorm
1 Mirror Image
» actions
| Assign group hotkey | 343 | |
| Basic commands | 254 | |
| Build / train | 88 | |
| Enter build submenu | 52 | |
| Enter hero's abilities submenu | 8 | |
| Give item / drop item | 5 | |
| Remove unit from queue | 1 | |
| Right click | 1707 | |
| Select / deselect | 430 | |
| Select group hotkey | 414 | |
| Use ability | 111 | |
3413 total
» units
| Peon | 15 | |
| Grunt | 6 | |
| Troll Batrider | 6 | |
| Wind Rider | 13 | |
| Demolisher | 6 | |
46 total
» upgrades
| Ranged Weapons | 3 | |
| Envenomed Spears | 1 | |
| Armor | 3 | |
| Burning Oil | 1 | |
8 total
» buildings
| Altar of Storms | 1 | |
| Orc Burrow | 5 | |
| Barracks | 3 | |
| Voodoo Lounge | 2 | |
| Stronghold | 3 | |
| Beastiary | 3 | |
| War Mill | 3 | |
| Great Hall | 2 | |
| Watch Tower | 35 | |
| Fortress | 1 | |
58 total
» build order
00:36 Altar of Storms
00:42 Orc Burrow
01:06 Barracks
01:36 Orc Burrow
01:46 Voodoo Lounge
03:10 Stronghold
03:10 Stronghold
04:20 Orc Burrow
05:34 Beastiary
05:35 Beastiary
05:39 War Mill
06:02 Beastiary
07:27 Orc Burrow
09:28 Great Hall
09:33 Watch Tower
09:34 Watch Tower
09:34 Watch Tower
09:35 Watch Tower
09:35 Watch Tower
09:36 Watch Tower
09:37 Watch Tower
09:40 Watch Tower
12:28 Fortress
13:05 Watch Tower
13:06 Watch Tower
13:07 Watch Tower
14:46 Great Hall
14:52 Watch Tower
15:21 Voodoo Lounge
15:48 Watch Tower
15:48 Watch Tower
15:49 Watch Tower
15:49 Watch Tower
15:52 Watch Tower
15:53 Watch Tower
15:53 Watch Tower
16:47 Watch Tower
19:25 Watch Tower
19:27 Watch Tower
22:13 Orc Burrow
22:14 Barracks
22:15 Barracks
22:22 War Mill
22:48 Watch Tower
22:49 Watch Tower
22:49 Watch Tower
22:50 Watch Tower
22:50 Watch Tower
22:52 Watch Tower
22:52 Watch Tower
22:53 Watch Tower
22:54 Watch Tower
23:03 Watch Tower
23:04 Watch Tower
23:04 Watch Tower
23:05 Watch Tower
26:14 War Mill
» items
| Healing Salve | 5 | |
| Boots of Speed | 1 | |
| Potion of Healing | 2 | |
| Lesser Clarity Potion | 3 | |
| Scroll of Town Portal | 5 | |
| Potion of Mana | 2 | |
| Orb of Lightning | 1 | |
| Staff of Teleportation | 1 | |
20 total
REAL.D.RED. (
pink | 52 APM | 1841 actions | 35:23)
8 Dark Ranger
3 Black Arrow
3 Silence
1 Charm
1 Life Drain
» actions
| Assign group hotkey | 36 | |
| Basic commands | 126 | |
| Build / train | 53 | |
| Enter build submenu | 23 | |
| Enter hero's abilities submenu | 8 | |
| Give item / drop item | 4 | |
| Remove unit from queue | 1 | |
| Right click | 640 | |
| Select / deselect | 262 | |
| Select group hotkey | 625 | |
| Use ability | 63 | |
1841 total
» units
| Peon | 10 | |
| Grunt | 4 | |
| Wind Rider | 10 | |
| Forest Troll Shadow Priest | 1 | |
25 total
» upgrades
| Ranged Weapons | 2 | |
| Reinforced Defenses | 1 | |
| Envenomed Spears | 1 | |
| Armor | 1 | |
5 total
» buildings
| Altar of Storms | 1 | |
| Orc Burrow | 7 | |
| Barracks | 1 | |
| Voodoo Lounge | 1 | |
| Stronghold | 1 | |
| War Mill | 1 | |
| Watch Tower | 13 | |
| Fortress | 2 | |
| Beastiary | 2 | |
| Great Hall | 1 | |
| Tree of Life | 1 | |
| Altar of Elders | 1 | |
| Tree of Ages | 1 | |
| Town Hall | 1 | |
| Moon Well | 2 | |
| Tree of Eternity | 1 | |
| Keep | 1 | |
38 total
» build order
00:08 Altar of Storms
00:16 Orc Burrow
00:38 Barracks
01:25 Orc Burrow
02:10 Voodoo Lounge
02:57 Stronghold
03:40 War Mill
03:53 Orc Burrow
04:30 Orc Burrow
05:10 Watch Tower
05:11 Watch Tower
05:12 Watch Tower
05:14 Watch Tower
05:40 Watch Tower
06:44 Watch Tower
06:46 Watch Tower
07:43 Fortress
07:54 Beastiary
08:47 Beastiary
08:53 Orc Burrow
08:55 Orc Burrow
11:13 Orc Burrow
15:17 Watch Tower
15:17 Watch Tower
15:18 Watch Tower
15:19 Watch Tower
17:06 Great Hall
17:31 Watch Tower
17:32 Watch Tower
26:56 Tree of Life
28:12 Altar of Elders
29:02 Tree of Ages
29:58 Town Hall
30:03 Moon Well
31:36 Tree of Eternity
31:52 Moon Well
33:11 Keep
» items
| Healing Salve | 2 | |
| Staff of Teleportation | 1 | |
| Potion of Lesser Invulnerability | 1 | |
| Scroll of Town Portal | 1 | |
5 total

»
joshaitchison (
orange | 15 APM | 495 actions | 32:51)
3 Warden
2 Fan of Knives
1 Shadow Strike
2 Priestess of the Moon
1 Trueshot Aura
1 Searing Arrows
» actions
| Assign group hotkey | 6 | |
| Basic commands | 1 | |
| Build / train | 112 | |
| Enter build submenu | 25 | |
| Enter hero's abilities submenu | 5 | |
| Right click | 122 | |
| Select / deselect | 169 | |
| Select group hotkey | 11 | |
| Use ability | 44 | |
495 total
» units
| Wisp | 45 | |
| Archer | 50 | |
| Forest Troll Shadow Priest | 1 | |
| Mud Golem | 1 | |
97 total
» upgrades
| Improved Bows | 1 | |
| Druid of the Claw Training | 2 | |
| Marksmanship | 1 | |
| Hardened Skin | 1 | |
| Resistant Skin | 1 | |
6 total
» buildings
| Moon Well | 9 | |
| Altar of Elders | 1 | |
| Ancient of War | 2 | |
| Tree of Ages | 1 | |
| Hunter's Hall | 1 | |
| Ancient of Wonders | 1 | |
| Ancient of Lore | 1 | |
| Ancient of Wind | 1 | |
| Ancient Protector | 9 | |
| Tree of Eternity | 1 | |
27 total
» build order
00:26 Moon Well
00:44 Altar of Elders
01:29 Moon Well
01:52 Ancient of War
02:29 Moon Well
02:35 Tree of Ages
03:33 Hunter's Hall
04:48 Ancient of Wonders
05:52 Ancient of Lore
06:22 Ancient of Wind
07:01 Ancient of War
07:12 Ancient Protector
08:12 Tree of Eternity
08:44 Moon Well
09:54 Moon Well
10:51 Moon Well
11:55 Ancient Protector
12:03 Moon Well
12:17 Ancient Protector
12:35 Ancient Protector
12:51 Ancient Protector
12:59 Ancient Protector
14:12 Ancient Protector
14:17 Ancient Protector
14:35 Moon Well
16:31 Moon Well
17:35 Ancient Protector
Chat log
(00:19 / All) AmericanWarrior: If Jesus Christ himself stood in my way, I, like Nietzsche, would not hesistate to squish him like a worm
(00:47 / All) Che: Kudos, you spelled Nietzsche correctly.
(00:54 / Allies) Vajango: units?
(01:01 / Allies) OTEMPORAOMORES: air you guys get melee
(01:26 / All) AmericanWarrior: scouting 4v4 lol
(01:31 / All) AmericanWarrior: Some people...
(10:26 / All) REAL.D.RED.: wood
(11:29 / All) REAL.D.RED.: 4 hp
(14:21 / Allies) Vajango: repair
(15:14 / Allies) Vajango: i need a tp first
(21:06 / All) OTEMPORAOMORES: leave faggots you lost
(21:08 / All) OTEMPORAOMORES: get fucked
(23:47 / All) REAL.D.RED.: you have been embarassed yellow
(24:04 / All) OTEMPORAOMORES: your family name was disgraced
(24:17 / All) OTEMPORAOMORES: altqq immediately
(24:57 / All) OTEMPORAOMORES: ty for xp yellow
(24:59 / All) OTEMPORAOMORES: kill yourself
(25:42 / All) REAL.D.RED.: yellow got embarassed by me
(25:46 / All) REAL.D.RED.: yes he did "play like shit"
(25:56 / All) Che: Kid is so mad.
(25:59 / All) Che: It's not even funny
(26:09 / All) OTEMPORAOMORES: You are 120-128 how mad you are son?
(26:20 / All) Che: Don't care.
(26:21 / All) OTEMPORAOMORES: My team sucked cock but they weren't faggots
(26:34 / All) REAL.D.RED.: yellow you are an embarassment to 4v4
(26:35 / All) OTEMPORAOMORES: Go suck a catamite, plebian
(26:50 / All) Che: I made ghouls the whole time.
(26:53 / All) Che: For Christ sake.
(26:59 / All) OTEMPORAOMORES: And got fucked anally by the three of us in our AT
(27:58 / All) REAL.D.RED.: orange is so clueless lawl
(28:30 / All) REAL.D.RED.: yea yellow "doesnt care" for the win
(28:32 / All) Che: You suck.
(28:34 / All) REAL.D.RED.: gee i heard that before
(28:38 / All) OTEMPORAOMORES: Oh really
(28:41 / All) OTEMPORAOMORES: I didn't mass ghouls
(28:43 / All) OTEMPORAOMORES: You have 30 APM
(28:45 / All) OTEMPORAOMORES: Kill yourself
(28:50 / All) Che: What's APM?
(28:54 / All) OTEMPORAOMORES: LOL
(28:59 / All) OTEMPORAOMORES: What are you, some wowcunt?
(29:02 / All) OTEMPORAOMORES: SC2 fag?
(29:05 / All) Che: Nah.
(29:09 / All) Che: I play this and Diablo II.
(29:20 / All) OTEMPORAOMORES: lol
(29:24 / All) OTEMPORAOMORES: Switching to D3?
(29:27 / All) OTEMPORAOMORES: It sucks horribly
(29:32 / All) Che: Probably not.
(29:43 / All) OTEMPORAOMORES: Blizzard sucks now
(30:11 / All) Che: What does APM mean though?
(30:17 / All) OTEMPORAOMORES: Actions per minute
(30:28 / All) Che: How can you tell that?
(30:32 / All) Che: Or are you guessing?
(30:41 / All) OTEMPORAOMORES: Replay sites like highper.ch and APM checkers to run after game
(30:51 / All) Che: Jesus.
(30:55 / All) OTEMPORAOMORES: ????
(31:10 / All) Che: People look into this more than I thought.
(31:57 / All) Che: LOl
(32:01 / All) OTEMPORAOMORES: ????
(33:02 / All) AmericanWarrior: He's 2-17
(33:05 / All) OTEMPORAOMORES: Wow
(33:06 / All) Che: This has been a huge waste of time
(33:07 / All) Che: Lol
(33:14 / All) AmericanWarrior: He gave me more than 4,500 wood
(33:20 / All) AmericanWarrior: Desperately trying to reach 5000
(33:22 / All) OTEMPORAOMORES: Why
(33:23 / All) AmericanWarrior: Before I killed him
(33:26 / All) Che: Lol
(33:29 / All) AmericanWarrior: I said 5000 wood or he would perish
(33:32 / All) Che: I gave you a ton of wood.
(33:37 / All) OTEMPORAOMORES: Sending mountain giants to the middle for xp
(33:39 / All) AmericanWarrior: It had to come from Josh
(34:09 / All) OTEMPORAOMORES: 2 levels from 1 gryphon WTF
(34:12 / All) OTEMPORAOMORES: Am I missing something
(34:15 / All) REAL.D.RED.: no way
(34:21 / All) OTEMPORAOMORES: Not even kidding
(34:25 / All) REAL.D.RED.: ur lvl 9?
(34:27 / All) OTEMPORAOMORES: Level 9 yeah
(34:29 / All) OTEMPORAOMORES: WTF
(34:37 / All) REAL.D.RED.: u were lvl 8 after i fed u wyverns
(34:43 / All) OTEMPORAOMORES: Thought I was 7
(34:46 / All) OTEMPORAOMORES: Wasn't paying attention though
(35:11 / All) REAL.D.RED.: my dr has pro items
(35:19 / All) OTEMPORAOMORES: Your doctor?